 Dungeon Crawl Stone Soup version 0.28.0-45-g0d030f2227 (webtiles) character file.

Game seed: 13496613890402153797

684 Ablot the Grasshopper (level 7, -2/84 HPs)
             Began as a Gnoll Warper on Apr 5, 2022.
             Was an Initiate of Okawaru.
             Slain by a water moccasin (5 damage)
             ... on level 4 of the Dungeon.
             The game lasted 00:07:46 (4101 turns).

Ablot the Grasshopper (Gnoll Warper)                Turns: 4101, Time: 00:07:46

Health: -2/84      AC:  4    Str: 12    XL:     7   Next: 62%
Magic:  12/15      EV: 13    Int: 12    God:    Okawaru [......]
Gold:   88         SH:  0    Dex: 12    Spells: 15/17 levels left

rFire   . . .      SeeInvis .   a - +0 trident
rCold   . . .      Faith    .   (no shield)
rNeg    . . .      Spirit   .   b - +0 leather armour
rPois   .          Reflect  .   u - +0 helmet
rElec   .          Harm     .   (no cloak)
rCorr   .          Rampage  .   (no gloves)
Will    .....                   (no boots)
Stlth   ..........              l - amulet of regeneration
HPRegen 1.04/turn               (no ring)
MPRegen 0.14/turn               (no ring)

@: berserking, lethally poisoned (-2 -> -3), on blink cooldown, very quick
A: fangs 1, strong nose, distributed training
a: Renounce Religion


You were on level 4 of the Dungeon.
You worshipped Okawaru.
Okawaru was noncommittal.
You visited 1 branch of the dungeon, and saw 5 of its levels.

You collected 233 gold pieces.
You spent 145 gold pieces at shops.

Inventory:

Hand Weapons
 a - a +0 trident (weapon)
Missiles
 d - 5 boomerangs of dispersal
 g - 110 stones
 i - 43 arrows
 k - 4 boomerangs (quivered)
 n - 24 bolts
 s - 4 poisoned darts
 v - 61 sling bullets
Armour
 b - a +0 leather armour (worn)
 u - a +0 helmet (worn)
Magical Staves
 y - a staff of fire
Jewellery
 l - an amulet of regeneration (around neck)
Wands
 t - a wand of polymorph (7)
 w - a wand of mindburst (12)
Scrolls
 c - a scroll of blinking
 e - 3 scrolls of teleportation
 f - a scroll of enchant armour {unknown}
 h - a scroll of amnesia {unknown}
 o - a scroll of immolation {unknown}
 q - 2 scrolls of identify
 r - 2 scrolls of fog
 x - a scroll of magic mapping
 A - a scroll of vulnerability {unknown}
 B - a scroll of enchant weapon {unknown}
Potions
 j - a potion of haste {unknown}
 m - 2 potions of berserk rage
 p - a potion of lignification {unknown}
 z - 2 potions of curing {unknown}
 C - a potion of attraction {unknown}


   Skills:
 + Level 5.3 Fighting
 + Level 2.6 Short Blades
 + Level 2.6 Long Blades
 + Level 2.6 Axes
 + Level 2.6 Maces & Flails
 + Level 5.3 Polearms
 + Level 2.6 Staves
 + Level 2.6 Slings
 + Level 2.6 Bows
 + Level 2.6 Crossbows
 + Level 3.7 Throwing
 + Level 3.7 Armour
 + Level 5.3 Dodging
 + Level 2.6 Stealth
 + Level 2.6 Shields
 + Level 2.6 Unarmed Combat
 + Level 5.6 Spellcasting
 + Level 2.1 Conjurations
 + Level 2.1 Hexes
 + Level 2.1 Summonings
 + Level 2.1 Necromancy
 + Level 5.9 Translocations
 + Level 2.1 Transmutations
 + Level 2.1 Fire Magic
 + Level 2.1 Ice Magic
 + Level 2.1 Air Magic
 + Level 2.1 Earth Magic
 + Level 2.1 Poison Magic
 + Level 2.9 Invocations
 + Level 2.6 Evocations


You had 15 spell levels left.
You knew the following spells:

 Your Spells              Type           Power      Damage    Failure   Level
a - Blink                 Tloc           34%        N/A       3%          2

Your spell library contained the following spells:

 Spells                   Type           Power      Damage    Failure   Level
 Gell's Gravitas          Tloc           17%        N/A       6%          3
 Lesser Beckoning         Tloc           17%        N/A       6%          3
 Teleport Other           Tloc           17%        N/A       6%          3
 Manifold Assault         Tloc           17%        N/A       52%         5


Dungeon Overview and Level Annotations

Branches:
Dungeon (5/15)
 Temple: D:4-7

Altars:
Ashenzari
Cheibriados
Dithmenos
Elyvilon
Fedhas
Okawaru
Ru
Xom

Shops:
D:2 ?   D:3 **(=


Innate Abilities, Weirdness & Mutations

You have very sharp teeth.
Your uncanny sense of smell can sniff out nearby items.
Your experience applies equally to all skills.


Message History

Unknown command.
You hit the water moccasin.
The water moccasin is lightly wounded.
The water moccasin misses you. x2
You completely miss the water moccasin.
The water moccasin is lightly wounded.
The water moccasin bites you.
You are poisoned.
The water moccasin poisons you!
You closely miss the water moccasin.
The water moccasin is lightly wounded.
You feel stable enough to blink again.
You feel very sick. The water moccasin bites you.
* * * LOW HITPOINT WARNING * * *
Unknown command.
You hit the water moccasin.
The water moccasin is moderately wounded.
You feel sick.
The water moccasin bites you but does no damage.
The water moccasin bites you.
* * * LOW HITPOINT WARNING * * *
Unknown command.
Casting: Blink (safe; 3% risk of failure)
Confirm with . or Enter, or press ? or * to list all spells.
You blink.
You feel sick.
You puncture the water moccasin!
The water moccasin is heavily wounded.
You feel sick. The water moccasin bites you.
* * * LOW HITPOINT WARNING * * *
The water moccasin barely misses you.
Unknown command.
It was a potion of berserk rage.
A red film seems to cover your vision as you go berserk!
You feel yourself moving faster!
You feel mighty!
You feel sick. The water moccasin misses you.
You closely miss the water moccasin.
The water moccasin is heavily wounded.
You feel sick. The water moccasin bites you.
You die...

################.#.#
## ##.#.# #. #....#
#. #..### #.
#..####### #.
#........# #.
#.######.# #. #S#
#.########. #@#
#..........
#.######..#####...
#...............##
#################


You could see a water moccasin.

Vanquished Creatures
  Grinder (D:3)
  An ogre (D:4)
  A howler monkey (D:2)
  A hound (D:4)
  An iron imp (D:4)
  Ijyb (D:3)
  3 iguanas (D:4)
  Robin (D:3)
  9 adders
  An ufetubus (D:4)
  An adder skeleton (D:4)
  A worm (D:2)
  3 dart slugs
  7 ball pythons
  10 endoplasms
  4 giant cockroaches
  11 goblins
  6 hobgoblins
  5 jackals
  10 kobolds
  4 quokkas
  A bat (D:2)
  7 frilled lizards
  7 rats
  A spectral goblin (D:1)
98 creatures vanquished.

Notes
Turn   | Place    | Note
-------+----------+-------------------------------------------
     0 | D:1      | Ablot the Gnoll Warper began the quest for the Orb.
     0 | D:1      | Reached XP level 1. HP: 20/20 MP: 6/6
   197 | D:1      | Reached XP level 2. HP: 22/26 MP: 7/7
   213 | D:1      | Learned a level 2 spell: Blink
   325 | D:1      | Found a faded altar of an unknown god.
   717 | D:1      | Reached XP level 3. HP: 29/31 MP: 9/9
  1116 | D:2      | Reached skill level 5 in Spellcasting
  1265 | D:2      | Reached skill level 1 in Invocations
  1513 | D:2      | Reached skill level 1 in Short Blades
  1513 | D:2      | Reached skill level 1 in Long Blades
  1513 | D:2      | Reached skill level 1 in Axes
  1513 | D:2      | Reached skill level 1 in Maces & Flails
  1513 | D:2      | Reached skill level 1 in Staves
  1513 | D:2      | Reached skill level 1 in Slings
  1513 | D:2      | Reached skill level 1 in Bows
  1513 | D:2      | Reached skill level 1 in Crossbows
  1513 | D:2      | Reached skill level 1 in Stealth
  1513 | D:2      | Reached skill level 1 in Shields
  1513 | D:2      | Reached skill level 1 in Unarmed Combat
  1513 | D:2      | Reached skill level 1 in Evocations
  1617 | D:2      | Reached XP level 4. HP: 38/38 MP: 11/11
  1770 | D:2      | Reached skill level 1 in Conjurations
  1770 | D:2      | Reached skill level 1 in Hexes
  1770 | D:2      | Reached skill level 1 in Summonings
  1770 | D:2      | Reached skill level 1 in Necromancy
  1770 | D:2      | Reached skill level 1 in Transmutations
  1770 | D:2      | Reached skill level 1 in Fire Magic
  1770 | D:2      | Reached skill level 1 in Ice Magic
  1770 | D:2      | Reached skill level 1 in Air Magic
  1770 | D:2      | Reached skill level 1 in Earth Magic
  1770 | D:2      | Reached skill level 1 in Poison Magic
  1789 | D:2      | Reached XP level 5. HP: 40/43 MP: 12/12
  2048 | D:2      | Found Zulif's Magic Scroll Boutique.
  2053 | D:2      | Bought a scroll of identify for 22 gold pieces
  2053 | D:2      | Bought a scroll of fog for 22 gold pieces
  2085 | D:3      | Found Olecs's Assorted Antiques.
  2211 | D:3      | Noticed Ijyb
  2219 | D:3      | Killed Ijyb
  2263 | D:3      | Found a white marble altar of Elyvilon.
  2271 | D:3      | Became a worshipper of Elyvilon the Healer
  2323 | D:3      | Noticed Grinder
  2332 | D:3      | Paralysed by Grinder for 7 turns
  2348 | D:3      | Paralysed by Grinder for 4 turns
  2354 | D:3      | Killed Grinder
  2355 | D:3      | Reached skill level 5 in Fighting
  2355 | D:3      | Reached skill level 5 in Polearms
  2355 | D:3      | Reached skill level 5 in Dodging
  2355 | D:3      | Reached XP level 6. HP: 32/51 MP: 14/14
  2378 | D:3      | Found an iron altar of Okawaru.
  2392 | D:3      | Fell from the grace of Elyvilon
  2392 | D:3      | Became a worshipper of Warmaster Okawaru
  2420 | D:3      | Found Bakko's Jewellery Emporium.
  2440 | D:3      | Noticed Robin
  2565 | D:3      | Killed Robin
  2736 | D:3      | Found a broken altar of Ashenzari.
  2744 | D:3      | Found a shadowy altar of Dithmenos.
  2747 | D:3      | Found a shimmering altar of Xom.
  2777 | D:3      | Found a sacrificial altar of Ru.
  2801 | D:3      | Found Acucvi's General Store.
  2940 | D:3      | Found Widin's Antique Weapon Shop.
  3135 | D:2      | Bought a scroll of magic mapping for 38 gold pieces
  3135 | D:2      | Bought a scroll of teleportation for 33 gold pieces
  3166 | D:3      | Bought a fizzy inky potion for 15 gold pieces
  3332 | D:4      | Reached XP level 7. HP: 56/56 MP: 15/15
  3431 | D:4      | Found a blossoming altar of Fedhas.
  3734 | D:4      | Found a snail-covered altar of Cheibriados.
  4033 | D:3      | Bought a murky purple potion for 15 gold pieces
  4060 | D:5      | Entered Level 5 of the Dungeon
  4099 | D:4      | HP: 2/56 [water moccasin (3)]
  4101 | D:4      | Slain by a water moccasin

Illustrated notes

Levels and vault maps discovered:
D:1:      saegor_arrival_simple_c, layout_basic,
          dreamdust_ecumenical_altar_drowned_temple, lemuel_another_geyser
D:2:      layout_loops_ring, serial_shops,
          nicolae_shop_competitors_out_of_business
D:3:      layout_basic, general_overflow_altar,
          minmay_overflow_temple_star_quad, nicolae_elyvilon_peaceful_grove,
          okawaru_gym_becter, serial_shops, shop, nicolae_shop_behind_doors,
          shop, nicolae_shop_hallway_plus, chequers_serial_rivers_micro_b,
          uniq_grinder, uniq_ijyb, uniq_robin
D:4:      layout_loops_ring, slow_altar_2, fedhas_altar_4
D:5:      layout_cave_pools, dancing_weapons_uskayaw, temple_pool_b,
          serial_park_tiny_pond, saegor_snake_ambush, uniq_eustachio

Skill      XL: |  1  2  3  4  5  6  7 |
---------------+----------------------+-----
Spellcasting   | 5 |  5.6
Invocations    | 1 2 |  2.9
Short Blades   | 1 2 |  2.6
Long Blades    | 1 2 |  2.6
Axes           | 1 2 |  2.6
Maces & Flails | 1 2 |  2.6
Staves         | 1 2 |  2.6
Slings         | 1 2 |  2.6
Bows           | 1 2 |  2.6
Crossbows      | 1 2 |  2.6
Stealth        | 1 2 |  2.6
Shields        | 1 2 |  2.6
Unarmed Combat | 1 2 |  2.6
Evocations     | 1 2 |  2.6
Conjurations   | 1 2 |  2.1
Hexes          | 1 2 |  2.1
Summonings     | 1 2 |  2.1
Necromancy     | 1 2 |  2.1
Transmutations | 1 2 |  2.1
Fire Magic     | 1 2 |  2.1
Ice Magic      | 1 2 |  2.1
Air Magic      | 1 2 |  2.1
Earth Magic    | 1 2 |  2.1
Poison Magic   | 1 2 |  2.1
Throwing       | 3 |  3.7
Armour         | 3 |  3.7
Fighting       | 5 |  5.3
Polearms       | 5 |  5.3
Dodging        | 5 |  5.3
Translocations | |  5.9

Action                   |  1- 3 |  4- 6 |  7- 9 || total
-------------------------+-------+-------+-------++-------
Melee: Spear             |    69 |       |       ||    69
       Bite              |    13 |    11 |     7 ||    31
       Trident           |    65 |   153 |    96 ||   314
       Punch             |       |     6 |     2 ||     8
Throw: Dart              |       |    11 |       ||    11
       Boomerang         |       |     3 |     1 ||     4
 Cast: Blink             |       |       |     2 ||     2
  Use: Potion            |       |       |     1 ||     1
 Stab: Sleeping          |       |     6 |     4 ||    10
Armor: Leather armour    |    27 |    26 |    23 ||    76
Dodge: Dodged            |    63 |    75 |    55 ||   193
